 Dungeon Crawl Stone Soup version 0.18.1-50-g88ac8fd (webtiles) character file.

170 varam the Chucker (level 5, -2/54 HPs)
             Began as an Ogre Hunter on Oct 17, 2016.
             Slain by a river rat (3 damage)
             ... on level 2 of the Dungeon.
             The game lasted 00:09:53 (3327 turns).

varam the Chucker (Ogre Hunter)                     Turns: 3327, Time: 00:09:54

Health: -2/54      AC:  3    Str: 18    XL:     5   Next: 50%
Magic:  5/5        EV: 10    Int: 10    God:
Gold:   76         SH:  0    Dex: 10    Spells: 0 memorised, 4 levels left

rFire  . . .     SeeInvis .     w - +0 whip
rCold  . . .     Gourm    .     b - +0 robe
rNeg   . . .     Faith    .     (no shield)
rPois  .         Spirit   .     (helmet restricted)
rElec  .         Dismiss  .     (no cloak)
rCorr  .         Reflect  .     (gloves unavailable)
SustAt .         Harm     .     (boots unavailable)
MR     .....                    (no amulet)
Stlth  +.........               (no ring)
                                (no ring)

@: not resistant to hostile enchantments, very unstealthy
A: unfitting armour, tough skin 1
a: no special abilities


You were on level 2 of the Dungeon.
You were not hungry.

You visited 1 branch of the dungeon, and saw 3 of its levels.

You collected 76 gold pieces.

Inventory:

Hand Weapons
 a - a +0 short sword
 w - a +0 whip (weapon)
Missiles
 l - 3 javelins (quivered)
Armour
 b - a +0 robe (worn)
Scrolls
 e - a scroll of recharging
 j - a scroll of enchant weapon
 n - a scroll of teleportation
 r - a scroll of magic mapping {unknown}
 s - 2 scrolls of blinking
 t - a scroll of remove curse {unknown}
Potions
 h - a potion of curing
 i - a potion of brilliance {unknown}
 k - a potion of magic {unknown}
 m - 2 potions of heal wounds {unknown}
 o - a potion of haste
 p - a potion of flight {unknown}
 u - a potion of cure mutation {unknown}
Comestibles
 f - 4 chunks of flesh
 g - a meat ration
 q - a beef jerky


   Skills:
 - Level 3.8 Fighting
 + Level 4.4 Maces & Flails
 + Level 5.0 Throwing
 - Level 1.7 Dodging
 - Level 0.7 Stealth


You had 4 spell levels left.
You didn't know any spells.

Dungeon Overview and Level Annotations

Branches:
Dungeon (3/15)

Altars:
Elyvilon

Annotations:
D:3 Galewind's ghost, amateur DECj


Innate Abilities, Weirdness & Mutations

You are too large for most types of armour.
You have tough skin (AC +1).


Message History

The ball python bites you.
* * * LOW HITPOINT WARNING * * *
The river rat bites you but does no damage.
Throwing (i - inventory):
l - 5 javelins (quivered)
Press: ? - help, Shift-Dir - straight line, f/p - ball python
Aim: a ball python You throw a javelin.
The javelin closely misses the ball python.
The ball python bites you but does no damage.
The rat completely misses you. The river rat bites you!
* * * LOW HITPOINT WARNING * * *
Throwing (i - inventory):
l - 4 javelins (quivered)
Press: ? - help, Shift-Dir - straight line, f/p - ball python
Aim: a ball python You throw a javelin.
The javelin hits the ball python.
The ball python is severely wounded.
The ball python bites you.
* * * LOW HITPOINT WARNING * * *
The rat misses you. The river rat bites you.
You die...

#.....###.#
#.....###.##########
####.##.......#.....
#.......#.###.#.####
#.......#.#.......#.
#.......#.#.#.#.#.##
#.......#.#.#.#.#.#
#########.#...#.#.##
#@r...[[.....)....
#Sr...).....).....
#.............#.##
###......########...
#........# ####
#........#
#........#
#..(.....#
########.#


You could see a river rat, a ball python and a rat.

Vanquished Creatures
  An orc priest (D:2)
  An orc wizard (D:2)
  4 adders (D:2)
  A worm (D:2)
  A dart slug (D:1)
  A giant gecko (D:1)
  6 orcs (D:2)
  3 ball pythons
  3 giant cockroaches (D:2)
  10 hobgoblins
  7 kobolds
  6 bats
  7 giant newts
  6 goblins
  13 rats
70 creatures vanquished.

Vanquished Creatures (others)
  An adder (D:2)
  A quokka (D:2)
2 creatures vanquished.

Grand Total: 72 creatures vanquished

Notes
Turn   | Place    | Note
--------------------------------------------------------------
     0 | D:1      | varam the Ogre Hunter began the quest for the Orb.
     0 | D:1      | Reached XP level 1. HP: 22/22 MP: 1/1
   257 | D:1      | Reached XP level 2. HP: 18/29 MP: 2/2
   611 | D:1      | Reached skill level 1 in Maces & Flails
   803 | D:1      | Reached XP level 3. HP: 36/36 MP: 3/3
  1381 | D:2      | Found a white marble altar of Elyvilon.
  1854 | D:2      | Reached XP level 4. HP: 43/45 MP: 4/4
  2909 | D:3      | Noticed Galewind's ghost (amateur DECj)
  3052 | D:2      | Reached skill level 5 in Throwing
  3052 | D:2      | Reached XP level 5. HP: 45/53 MP: 5/5
  3326 | D:2      | HP: 2/54 [river rat (8)]
  3327 | D:2      | Slain by a river rat

Skill      XL: |  1  2  3  4 |
---------------+-------------+-----
Maces & Flails | 1 2 4 |  4.4
Fighting       | 3 |  3.8
Throwing       | 5 |  5.0
Dodging        | |  1.7
Stealth        | |  0.7

Action                   |  1- 3 |  4- 6 || total
-------------------------+-------+-------++-------
Melee: Short sword       |    27 |       ||    27
       Whip              |   103 |   100 ||   203
Throw: Large rock        |     5 |    20 ||    25
       Javelin           |       |    10 ||    10
       Throwing net      |       |     3 ||     3
  Use: Scroll            |       |     4 ||     4
       Potion            |       |     1 ||     1
 Stab: Sleeping          |       |     3 ||     3
  Eat: Chunk             |     3 |     2 ||     5
       Bread ration      |       |     1 ||     1
Armor: Robe              |    33 |    39 ||    72
Dodge: Dodged            |    56 |    74 ||   130
